[ AOE2 MATCH · #482393618 ]
UnrankedBulgarians vs Celts
[ REPLAY ANALYSIS · EXTRACTED FROM THE RECORDED GAME ]
Feudal
11:21
Castle
15:22
Imperial
28:05
| APM avg | 39.5 |
| APM peak | 66 |
| eAPM avg | 28.1 |
| Villagers / military | 178 / 62 |
Focus
⚔️ 27.9% · 🌾 72.1%
Knight ×61 · Monk ×1
Feudal
8:46
Castle
21:55
Imperial
—
| APM avg | 65.4 |
| APM peak | 103 |
| eAPM avg | 29.1 |
| Villagers / military | 109 / 41 |
Focus
⚔️ 28.2% · 🌾 71.8%
Militia ×21 · Monk ×5 · Trade Cart ×5 · Mangonel ×4 · Scorpion ×4 · Spearman ×4
Feudal
8:26
Castle
21:37
Imperial
—
| APM avg | 48.3 |
| APM peak | 81 |
| eAPM avg | 28.2 |
| Villagers / military | 105 / 52 |
Focus
⚔️ 49.2% · 🌾 50.8%
Knight ×36 · Scout Cavalry ×15 · Spearman ×1
Feudal
9:34
Castle
20:20
Imperial
—
| APM avg | 52.4 |
| APM peak | 85 |
| eAPM avg | 29.0 |
| Villagers / military | 183 / 42 |
Focus
⚔️ 33.3% · 🌾 66.7%
Knight ×26 · Scout Cavalry ×14 · Mangonel ×2
Feudal
8:54
Castle
22:31
Imperial
—
| APM avg | 57.6 |
| APM peak | 112 |
| eAPM avg | 24.0 |
| Villagers / military | 111 / 115 |
Focus
⚔️ 44.3% · 🌾 55.7%
Archer ×114 · Spearman ×1
Feudal
8:54
Castle
23:14
Imperial
—
| APM avg | 49.8 |
| APM peak | 81 |
| eAPM avg | 23.4 |
| Villagers / military | 106 / 38 |
Focus
⚔️ 37.1% · 🌾 62.9%
Knight ×22 · Scout Cavalry ×16
Feudal
8:51
Castle
23:15
Imperial
—
| APM avg | 46.9 |
| APM peak | 89 |
| eAPM avg | 22.7 |
| Villagers / military | 111 / 23 |
Focus
⚔️ 40.2% · 🌾 59.8%
Scout Cavalry ×12 · Monk ×4 · Mangonel ×4 · Knight ×2 · Spearman ×1
Feudal
11:18
Castle
14:56
Imperial
27:13
| APM avg | 41.9 |
| APM peak | 95 |
| eAPM avg | 24.3 |
| Villagers / military | 157 / 147 |
Focus
⚔️ 26.8% · 🌾 73.2%
Militia ×138 · Battering Ram ×8 · Monk ×1
Match map
Initial resources + every placement click. Lines = walls · curves = elevation contours. ◆ gold · ⬟ stone · ● berries · ✦ relic · ◌ wall gap
Your base· Open — unwalled flank
Oni.TaToH's base· ✓ Closed at 21:55 · 67t walls · 2 gate(s)
DemonSheep's base· Open — unwalled flank
[R1] 12Tirador's base· ✓ Closed at 20:20 · 5t walls · no gate
04py's base· ✓ Closed at 22:31 · 10t walls · 1 gate(s)
c3mbrich!'s base· ✓ Closed at 23:14 · 20t walls · 2 gate(s)
GKT_Cloud's base· ✓ Closed at 23:15 · 22t walls · 2 gate(s)
Moneimon's base· ✓ Closed at 14:56 · 7t walls · 1 gate(s)
Smoothed initial terrain · ◌ = detected wall gap · hover for details
Inputs per minute
— Dragon - - Oni.TaToH
Build order — Dragon
First 150 of 425 actions detected
| 0:01 | Create | Villager (Male) |
| 0:01 | Create | Villager (Male) |
| 0:01 | Create | Villager (Male) |
| 0:02 | Build | House |
| 0:04 | Build | House |
| 0:18 | Create | Villager (Male) |
| 1:24 | Create | Villager (Male) |
| 2:01 | Create | Villager (Male) |
| 2:02 | Create | Villager (Male) |
| 2:14 | Build | Lumber Camp |
| 2:16 | Create | Villager (Male) |
| 2:33 | Create | Villager (Male) |
| 2:33 | Create | Villager (Male) |
| 3:05 | Create | Villager (Male) |
| 3:23 | Create | Villager (Male) |
| 3:25 | Build | House |
| 4:04 | Create | Villager (Male) |
| 4:04 | Create | Villager (Male) |
| 4:04 | Create | Villager (Male) |
| 4:33 | Create | Villager (Male) |
| 4:33 | Create | Villager (Male) |
| 5:06 | Build | House |
| 5:09 | Build | House |
| 5:11 | Create | Villager (Male) |
| 5:11 | Create | Villager (Male) |
| 5:16 | Create | Villager (Male) |
| 5:16 | Create | Villager (Male) |
| 5:29 | Build | Mill |
| 6:02 | Create | Villager (Male) |
| 6:18 | Create | Villager (Male) |
| 6:28 | Create | Villager (Male) |
| 6:32 | Create | Villager (Male) |
| 6:42 | Create | Villager (Male) |
| 6:55 | Build | Farm |
| 7:02 | Build | Farm |
| 7:05 | Build | Farm |
| 8:26 | Create | Villager (Male) |
| 8:58 | Research | Feudal Age |
| 8:58 | Research | Feudal Age |
| 9:27 | Create | Villager (Male) |
| 9:28 | Create | Villager (Male) |
| 9:40 | Build | Palisade Wall |
| 9:50 | Build | Palisade Wall |
| 9:51 | Build | Palisade Wall |
| 9:54 | Build | House |
| 9:57 | Build | Palisade Wall |
| 9:58 | Create | Villager (Male) |
| 10:05 | Create | Villager (Male) |
| 10:10 | Research | Loom |
| 10:15 | Create | Villager (Male) |
| 11:21 | Age | Feudal Age |
| 11:25 | Build | Blacksmith |
| 11:30 | Build | Market |
| 12:17 | Create | Villager (Male) |
| 12:26 | Research | Castle Age |
| 12:27 | Research | Castle Age |
| 12:51 | Build | House |
| 12:55 | Build | House |
| 12:58 | Build | Palisade Wall |
| 13:00 | Create | Villager (Male) |
| 13:01 | Build | Farm |
| 13:19 | Research | Horse Collar |
| 13:21 | Research | Double-Bit Axe |
| 13:46 | Build | Farm |
| 13:47 | Build | Farm |
| 14:13 | Build | House |
| 14:31 | Build | Palisade Wall |
| 14:54 | Build | Palisade Wall |
| 15:22 | Age | Castle Age |
| 15:25 | Build | Town Center |
| 15:26 | Create | Villager (Male) |
| 15:35 | Build | Town Center |
| 15:37 | Create | Villager (Male) |
| 15:44 | Create | Villager (Male) |
| 15:52 | Research | Bow Saw |
| 16:10 | Build | Farm |
| 16:13 | Build | Farm |
| 16:13 | Build | Farm |
| 16:16 | Build | Farm |
| 16:17 | Create | Villager (Male) |
| 16:25 | Create | Villager (Male) |
| 16:25 | Create | Villager (Male) |
| 16:40 | Create | Villager (Male) |
| 16:49 | Create | Villager (Male) |
| 16:49 | Create | Villager (Male) |
| 17:00 | Build | Farm |
| 17:01 | Build | Farm |
| 17:04 | Build | Farm |
| 17:07 | Create | Villager (Male) |
| 17:16 | Create | Villager (Male) |
| 17:25 | Build | Stone Wall |
| 17:30 | Build | Stone Wall |
| 17:30 | Build | Stone Wall |
| 17:33 | Create | Villager (Male) |
| 17:34 | Create | Villager (Male) |
| 17:37 | Build | Farm |
| 17:53 | Build | Stone Wall |
| 17:56 | Build | Stone Wall |
| 17:58 | Build | Stone Wall |
| 18:08 | Build | Stone Wall |
| 18:09 | Create | Villager (Male) |
| 18:09 | Create | Villager (Male) |
| 18:10 | Create | Villager (Male) |
| 18:10 | Create | Villager (Male) |
| 18:12 | Build | Farm |
| 18:14 | Build | Farm |
| 18:16 | Build | Farm |
| 18:19 | Build | Farm |
| 18:20 | Create | Villager (Male) |
| 18:22 | Build | Farm |
| 18:26 | Build | Farm |
| 18:26 | Create | Villager (Male) |
| 18:26 | Create | Villager (Male) |
| 18:29 | Build | Gate |
| 18:34 | Create | Villager (Male) |
| 18:40 | Build | Farm |
| 18:41 | Build | Farm |
| 18:42 | Build | Farm |
| 18:43 | Build | Farm |
| 18:49 | Create | Villager (Male) |
| 18:53 | Build | Farm |
| 18:54 | Build | Farm |
| 18:59 | Create | Villager (Male) |
| 19:12 | Build | Stone Wall |
| 19:13 | Create | Villager (Male) |
| 19:13 | Create | Villager (Male) |
| 19:16 | Create | Villager (Male) |
| 19:16 | Create | Villager (Male) |
| 19:20 | Build | Farm |
| 19:26 | Build | Farm |
| 19:27 | Create | Villager (Male) |
| 19:31 | Create | Villager (Male) |
| 19:49 | Create | Villager (Male) |
| 19:49 | Create | Villager (Male) |
| 19:52 | Create | Villager (Male) |
| 19:53 | Create | Villager (Male) |
| 19:57 | Create | Villager (Male) |
| 19:57 | Create | Villager (Male) |
| 20:06 | Create | Villager (Male) |
| 20:13 | Build | Town Center |
| 20:14 | Create | Villager (Male) |
| 20:17 | Create | Villager (Male) |
| 20:19 | Build | Farm |
| 20:23 | Create | Villager (Male) |
| 20:23 | Create | Villager (Male) |
| 20:29 | Research | Wheelbarrow |
| 20:32 | Create | Villager (Male) |
| 20:36 | Create | Villager (Male) |
| 20:51 | Build | Farm |
| 20:52 | Build | Mill |
Build order — Oni.TaToH
First 150 of 302 actions detected
| 0:01 | Create | Villager (Male) ×4 |
| 0:01 | Create | Villager (Male) ×4 |
| 0:02 | Build | House |
| 0:02 | Build | House |
| 1:34 | Create | Villager (Male) |
| 1:35 | Create | Villager (Male) |
| 1:59 | Create | Villager (Male) |
| 1:59 | Create | Villager (Male) |
| 2:18 | Create | Villager (Male) |
| 2:18 | Create | Villager (Male) |
| 2:19 | Create | Villager (Male) |
| 2:20 | Build | Lumber Camp |
| 2:33 | Create | Villager (Male) |
| 2:45 | Create | Villager (Male) |
| 3:12 | Create | Villager (Male) |
| 3:34 | Build | House |
| 3:49 | Create | Villager (Male) |
| 4:09 | Create | Villager (Male) |
| 4:09 | Create | Villager (Male) |
| 5:06 | Build | Mill |
| 5:12 | Create | Villager (Male) |
| 5:42 | Create | Villager (Male) |
| 5:58 | Research | Loom |
| 6:26 | Research | Feudal Age |
| 7:04 | Build | Mining Camp |
| 7:25 | Build | House |
| 7:47 | Build | Palisade Wall |
| 8:09 | Build | Barracks |
| 8:12 | Build | Palisade Wall |
| 8:13 | Build | Palisade Wall |
| 8:14 | Build | Palisade Wall |
| 8:30 | Create | Villager (Male) |
| 8:46 | Age | Feudal Age |
| 8:48 | Build | Palisade Wall |
| 8:50 | Research | Double-Bit Axe |
| 8:54 | Create | Villager (Male) |
| 9:05 | Research | Man-at-Arms (upgrade) |
| 9:07 | Create | Villager (Male) |
| 9:17 | Create | Militia |
| 9:28 | Build | House |
| 9:35 | Build | House |
| 9:35 | Create | Villager (Male) |
| 9:40 | Build | Palisade Gate |
| 9:43 | Build | Palisade Wall |
| 9:47 | Create | Militia |
| 9:51 | Build | House |
| 10:10 | Build | House |
| 10:15 | Create | Militia |
| 10:16 | Create | Villager (Male) |
| 10:18 | Build | Farm |
| 10:24 | Build | Palisade Wall |
| 10:30 | Create | Militia |
| 10:51 | Build | Palisade Wall |
| 10:56 | Create | Militia |
| 11:02 | Create | Villager (Male) |
| 11:07 | Build | Palisade Wall |
| 11:13 | Build | Farm |
| 11:15 | Build | Farm |
| 11:27 | Create | Villager (Male) |
| 11:29 | Create | Villager (Male) |
| 11:57 | Build | House |
| 11:59 | Create | Militia |
| 11:59 | Create | Villager (Male) |
| 12:01 | Build | Farm |
| 12:03 | Build | Palisade Wall |
| 12:22 | Create | Villager (Male) |
| 12:26 | Create | Militia |
| 12:29 | Build | Palisade Wall |
| 12:37 | Build | Palisade Wall |
| 12:43 | Build | Palisade Wall |
| 12:43 | Build | Palisade Wall |
| 12:47 | Create | Militia |
| 12:52 | Create | Villager (Male) |
| 12:56 | Build | House |
| 12:58 | Create | Villager (Male) |
| 13:00 | Build | Farm |
| 13:02 | Build | Farm |
| 13:08 | Create | Militia |
| 13:16 | Build | House |
| 13:25 | Build | Farm |
| 13:27 | Research | Arson |
| 13:30 | Create | Villager (Male) |
| 13:44 | Create | Villager (Male) |
| 13:46 | Build | Lumber Camp |
| 14:08 | Create | Villager (Male) |
| 14:10 | Build | Farm |
| 14:12 | Create | Militia |
| 14:20 | Build | House |
| 14:27 | Build | Farm |
| 14:40 | Create | Villager (Male) |
| 14:50 | Build | Blacksmith |
| 15:01 | Build | House |
| 15:12 | Build | Farm |
| 15:15 | Create | Villager (Male) |
| 15:17 | Build | Farm |
| 15:28 | Create | Villager (Male) |
| 15:29 | Build | Farm |
| 15:31 | Build | Farm |
| 15:36 | Build | House |
| 15:46 | Research | Scale Mail Armor |
| 15:48 | Create | Villager (Male) |
| 16:02 | Create | Villager (Male) |
| 16:03 | Build | Farm |
| 16:19 | Create | Villager (Male) |
| 16:25 | Build | Market |
| 16:49 | Build | Farm |
| 16:52 | Research | Wheelbarrow |
| 16:57 | Create | Villager (Male) |
| 16:58 | Build | Farm |
| 17:13 | Build | House |
| 17:39 | Build | Stone Wall |
| 18:08 | Create | Villager (Male) |
| 18:23 | Build | Gate |
| 18:47 | Create | Villager (Male) |
| 18:52 | Build | House |
| 19:12 | Build | Farm |
| 19:15 | Research | Castle Age |
| 19:16 | Research | Castle Age |
| 19:17 | Build | Lumber Camp |
| 19:23 | Build | Mining Camp |
| 19:28 | Create | Militia |
| 19:45 | Create | Militia |
| 19:54 | Research | Horse Collar |
| 20:10 | Create | Militia |
| 20:14 | Create | Militia |
| 20:39 | Build | House |
| 20:40 | Build | House |
| 20:50 | Create | Militia |
| 21:06 | Build | Stone Wall |
| 21:09 | Research | Gold Mining |
| 21:10 | Research | Gold Mining |
| 21:11 | Create | Militia |
| 21:22 | Create | Villager (Male) |
| 21:38 | Build | Farm |
| 21:38 | Build | Farm |
| 21:45 | Build | Outpost |
| 21:47 | Research | Town Watch |
| 21:55 | Age | Castle Age |
| 21:59 | Build | Siege Workshop |
| 22:00 | Build | Monastery |
| 22:00 | Create | Villager (Male) |
| 22:07 | Build | Town Center |
| 22:14 | Research | Bow Saw |
| 22:15 | Create | Villager (Male) |
| 22:18 | Research | Long Swordsman (upgrade) |
| 22:18 | Research | Long Swordsman (upgrade) |
| 22:41 | Create | Battering Ram |
| 22:47 | Create | Monk |
| 22:48 | Build | House |
| 22:53 | Create | Villager (Male) |
Build order — DemonSheep
First 150 of 281 actions detected
| 0:01 | Create | Villager (Male) |
| 0:04 | Build | House |
| 0:05 | Build | House |
| 0:07 | Create | Villager (Male) ×3 |
| 1:23 | Create | Villager (Male) |
| 1:23 | Create | Villager (Male) |
| 1:56 | Create | Villager (Male) |
| 1:56 | Create | Villager (Male) |
| 2:16 | Build | Lumber Camp |
| 2:25 | Create | Villager (Male) |
| 2:25 | Create | Villager (Male) |
| 2:47 | Create | Villager (Male) |
| 3:11 | Create | Villager (Male) |
| 3:11 | Create | Villager (Male) |
| 3:11 | Create | Villager (Male) |
| 3:28 | Build | House |
| 3:54 | Create | Villager (Male) |
| 3:54 | Create | Villager (Male) |
| 4:27 | Create | Villager (Male) |
| 4:27 | Create | Villager (Male) |
| 4:41 | Create | Villager (Male) |
| 4:41 | Create | Villager (Male) |
| 4:52 | Build | Mill |
| 5:17 | Research | Loom |
| 6:16 | Research | Feudal Age |
| 6:17 | Research | Feudal Age |
| 6:50 | Create | Villager (Male) |
| 7:15 | Build | Barracks |
| 7:28 | Build | House |
| 8:26 | Age | Feudal Age |
| 8:30 | Build | Stable |
| 8:35 | Build | Stone Wall |
| 8:38 | Research | Double-Bit Axe |
| 8:44 | Create | Villager (Male) |
| 8:58 | Create | Spearman |
| 8:59 | Create | Villager (Male) |
| 9:18 | Build | Gate |
| 9:18 | Create | Scout Cavalry |
| 9:19 | Create | Scout Cavalry |
| 9:31 | Build | Stone Wall |
| 9:36 | Create | Villager (Male) |
| 9:57 | Create | Villager (Male) |
| 10:21 | Research | Horse Collar |
| 10:35 | Create | Villager (Male) |
| 10:39 | Build | Farm |
| 10:40 | Build | Farm |
| 10:40 | Build | Farm |
| 10:44 | Build | Farm |
| 10:45 | Build | Farm |
| 10:56 | Create | Villager (Male) |
| 11:20 | Create | Villager (Male) |
| 11:36 | Build | Stone Wall |
| 11:45 | Create | Scout Cavalry |
| 11:58 | Create | Villager (Male) |
| 12:02 | Build | Farm |
| 12:03 | Build | Farm |
| 12:10 | Create | Villager (Male) |
| 12:41 | Create | Scout Cavalry |
| 12:41 | Create | Villager (Male) |
| 12:52 | Create | Villager (Male) |
| 13:04 | Create | Villager (Male) |
| 13:07 | Build | House |
| 13:08 | Build | House |
| 13:14 | Create | Scout Cavalry |
| 13:25 | Create | Villager (Male) |
| 13:28 | Build | Farm |
| 13:29 | Build | Farm |
| 13:44 | Create | Villager (Male) |
| 13:46 | Create | Villager (Male) |
| 13:52 | Build | Mining Camp |
| 14:00 | Build | Farm |
| 14:01 | Build | Farm |
| 14:07 | Create | Scout Cavalry |
| 14:28 | Create | Villager (Male) |
| 14:33 | Create | Scout Cavalry |
| 14:52 | Create | Scout Cavalry |
| 15:17 | Build | House |
| 15:18 | Build | House |
| 15:27 | Build | Blacksmith |
| 15:30 | Create | Scout Cavalry |
| 15:38 | Create | Villager (Male) |
| 15:55 | Create | Scout Cavalry |
| 16:00 | Build | Farm |
| 16:01 | Build | Farm |
| 16:02 | Build | Farm |
| 16:12 | Create | Scout Cavalry |
| 16:15 | Create | Villager (Male) |
| 16:20 | Build | Farm |
| 16:30 | Create | Villager (Male) |
| 16:33 | Build | Farm |
| 16:34 | Build | Farm |
| 16:34 | Build | Farm |
| 16:52 | Create | Villager (Male) |
| 16:55 | Create | Scout Cavalry |
| 17:15 | Build | House |
| 17:17 | Build | House |
| 17:33 | Research | Wheelbarrow |
| 17:44 | Build | Stone Wall |
| 17:58 | Create | Scout Cavalry |
| 18:00 | Build | Palisade Wall |
| 18:03 | Build | Palisade Wall |
| 18:27 | Create | Scout Cavalry |
| 18:28 | Create | Villager (Male) |
| 18:53 | Build | House |
| 18:54 | Build | House |
| 18:57 | Research | Castle Age |
| 18:57 | Research | Castle Age |
| 19:06 | Build | Mining Camp |
| 19:32 | Build | Lumber Camp |
| 20:25 | Research | Bloodlines |
| 20:28 | Research | Gold Mining |
| 20:28 | Research | Gold Mining |
| 21:00 | Create | Villager (Male) |
| 21:06 | Build | Mining Camp |
| 21:15 | Research | Scale Barding Armor |
| 21:15 | Research | Forging |
| 21:21 | Build | Stable |
| 21:37 | Age | Castle Age |
| 21:39 | Create | Knight |
| 21:46 | Build | Stone Wall |
| 21:57 | Build | Stone Wall |
| 22:01 | Create | Villager (Male) |
| 22:01 | Create | Villager (Male) |
| 22:05 | Research | Bow Saw |
| 22:08 | Research | Heavy Plow |
| 22:10 | Create | Knight |
| 22:10 | Create | Knight |
| 22:23 | Build | Farm |
| 22:26 | Create | Villager (Male) |
| 22:30 | Build | Farm |
| 22:31 | Build | Farm |
| 22:37 | Research | Husbandry |
| 22:38 | Create | Knight |
| 22:54 | Create | Villager (Male) |
| 23:12 | Create | Knight |
| 23:13 | Create | Knight |
| 23:30 | Create | Villager (Male) |
| 23:32 | Build | Town Center |
| 23:51 | Create | Knight |
| 23:52 | Create | Knight |
| 24:04 | Create | Villager (Male) |
| 24:05 | Create | Villager (Male) |
| 24:23 | Create | Knight |
| 24:24 | Create | Villager (Male) |
| 24:24 | Create | Villager (Male) |
| 24:39 | Create | Villager (Male) |
| 24:40 | Create | Villager (Male) |
| 24:53 | Create | Scout Cavalry |
| 24:56 | Create | Knight |
| 24:56 | Create | Knight |
Build order — [R1] 12Tirador
First 150 of 391 actions detected
| 0:00 | Create | Villager (Male) |
| 0:01 | Create | Villager (Male) |
| 0:01 | Create | Villager (Male) |
| 0:02 | Build | House |
| 0:04 | Build | House |
| 0:07 | Build | House |
| 0:10 | Build | House |
| 0:34 | Create | Villager (Male) |
| 0:34 | Create | Villager (Male) |
| 1:39 | Create | Villager (Male) |
| 1:51 | Build | Mule Cart |
| 2:07 | Create | Villager (Male) |
| 2:08 | Create | Villager (Male) |
| 2:33 | Create | Villager (Male) |
| 2:59 | Create | Villager (Male) |
| 3:00 | Create | Villager (Male) |
| 3:32 | Create | Villager (Male) |
| 3:33 | Create | Villager (Male) |
| 3:40 | Build | House |
| 3:55 | Create | Villager (Male) |
| 3:59 | Create | Villager (Male) |
| 4:00 | Build | Mill |
| 4:20 | Build | House |
| 4:22 | Build | Palisade Wall |
| 4:37 | Create | Villager (Male) |
| 5:19 | Create | Villager (Male) |
| 5:35 | Create | Villager (Male) |
| 5:35 | Create | Villager (Male) |
| 5:52 | Create | Villager (Male) |
| 6:14 | Create | Villager (Male) |
| 6:46 | Create | Villager (Male) |
| 6:55 | Create | Villager (Male) |
| 7:24 | Research | Feudal Age |
| 7:46 | Build | Barracks |
| 7:56 | Create | Villager (Male) |
| 8:26 | Build | House |
| 8:51 | Research | Loom |
| 8:51 | Create | Villager (Male) |
| 9:34 | Age | Feudal Age |
| 9:35 | Build | Stable |
| 9:38 | Build | House |
| 9:41 | Build | House |
| 9:42 | Create | Villager (Male) |
| 9:44 | Research | Double-Bit Axe |
| 9:45 | Create | Villager (Male) |
| 10:00 | Create | Villager (Male) |
| 10:21 | Create | Villager (Male) |
| 10:22 | Create | Scout Cavalry |
| 10:22 | Create | Scout Cavalry |
| 10:26 | Build | Farm |
| 10:27 | Build | Farm |
| 10:27 | Research | Horse Collar |
| 10:35 | Create | Scout Cavalry |
| 10:38 | Create | Villager (Male) |
| 10:46 | Create | Villager (Male) |
| 10:47 | Create | Villager (Male) |
| 10:56 | Create | Villager (Male) |
| 10:57 | Create | Scout Cavalry |
| 11:10 | Create | Scout Cavalry |
| 11:14 | Create | Villager (Male) |
| 11:16 | Build | Farm |
| 11:24 | Create | Scout Cavalry |
| 11:35 | Build | Farm |
| 11:36 | Build | Farm |
| 11:37 | Build | Farm |
| 11:41 | Create | Scout Cavalry |
| 11:44 | Create | Villager (Male) |
| 11:58 | Create | Villager (Male) |
| 12:02 | Create | Scout Cavalry |
| 12:04 | Create | Scout Cavalry |
| 12:10 | Create | Villager (Male) |
| 12:12 | Create | Villager (Male) |
| 12:12 | Create | Villager (Male) |
| 12:22 | Build | Mule Cart |
| 12:30 | Create | Scout Cavalry |
| 12:33 | Create | Villager (Male) |
| 12:35 | Build | Farm |
| 12:40 | Create | Scout Cavalry |
| 13:04 | Create | Scout Cavalry |
| 13:12 | Create | Villager (Male) |
| 13:14 | Create | Villager (Male) |
| 13:15 | Create | Villager (Male) |
| 13:16 | Build | House |
| 13:18 | Build | Farm |
| 13:27 | Create | Villager (Male) |
| 13:28 | Create | Villager (Male) |
| 13:44 | Build | Farm |
| 13:45 | Build | Farm |
| 13:47 | Create | Villager (Male) |
| 13:47 | Build | Farm |
| 13:48 | Build | Farm |
| 13:48 | Build | Farm |
| 13:48 | Build | Farm |
| 13:49 | Build | Farm |
| 13:49 | Create | Villager (Male) |
| 13:56 | Create | Scout Cavalry |
| 14:14 | Create | Scout Cavalry |
| 14:26 | Build | Farm |
| 14:27 | Create | Villager (Male) |
| 14:55 | Create | Villager (Male) |
| 15:17 | Create | Villager (Male) |
| 15:25 | Research | Wheelbarrow |
| 15:25 | Research | Wheelbarrow |
| 15:32 | Build | House |
| 15:47 | Create | Villager (Male) |
| 15:56 | Create | Villager (Male) |
| 15:58 | Create | Villager (Male) |
| 16:10 | Build | Mill |
| 16:14 | Build | Mule Cart |
| 16:18 | Create | Villager (Male) |
| 16:34 | Create | Villager (Male) |
| 16:36 | Create | Villager (Male) |
| 16:50 | Create | Villager (Male) |
| 16:50 | Create | Villager (Male) |
| 16:53 | Create | Villager (Male) |
| 16:55 | Build | Blacksmith |
| 17:02 | Create | Villager (Male) |
| 17:04 | Build | Farm |
| 17:04 | Build | Farm |
| 17:35 | Research | Castle Age |
| 17:36 | Research | Castle Age |
| 17:52 | Build | Farm |
| 18:26 | Build | Farm |
| 18:26 | Build | Farm |
| 18:26 | Build | Farm |
| 18:45 | Create | Villager (Male) |
| 19:02 | Research | Gold Mining |
| 19:22 | Research | Stone Mining |
| 19:47 | Create | Villager (Male) |
| 19:48 | Create | Villager (Male) |
| 20:20 | Age | Castle Age |
| 20:21 | Create | Villager (Male) |
| 20:24 | Build | Town Center |
| 20:33 | Build | Town Center |
| 20:33 | Create | Knight |
| 20:33 | Create | Knight |
| 20:34 | Research | Bow Saw |
| 20:40 | Research | Scale Barding Armor |
| 20:45 | Create | Villager (Male) |
| 20:55 | Build | Stable |
| 20:59 | Research | Bloodlines |
| 20:59 | Research | Husbandry |
| 21:06 | Create | Villager (Male) |
| 21:06 | Create | Villager (Male) |
| 21:15 | Create | Villager (Male) |
| 21:21 | Create | Villager (Male) |
| 21:23 | Create | Knight |
| 21:24 | Research | Forging |
| 21:30 | Create | Knight |
| 21:30 | Create | Knight |
Build order — 04py
First 150 of 278 actions detected
| 0:00 | Create | Villager (Male) |
| 0:01 | Create | Villager (Male) |
| 0:02 | Build | House |
| 0:03 | Build | House |
| 0:08 | Create | Villager (Male) |
| 0:08 | Create | Villager (Male) |
| 0:08 | Create | Villager (Male) |
| 1:23 | Create | Villager (Male) |
| 2:00 | Create | Villager (Male) |
| 2:00 | Create | Villager (Male) |
| 2:16 | Create | Villager (Male) |
| 2:24 | Build | Settlement |
| 2:29 | Create | Villager (Male) |
| 2:52 | Create | Villager (Male) |
| 2:52 | Create | Villager (Male) |
| 3:24 | Create | Villager (Male) |
| 3:24 | Create | Villager (Male) |
| 4:09 | Create | Villager (Male) |
| 4:09 | Create | Villager (Male) |
| 4:23 | Create | Villager (Male) |
| 5:28 | Create | Villager (Male) |
| 5:54 | Create | Villager (Male) |
| 5:54 | Create | Villager (Male) |
| 5:57 | Research | Loom |
| 6:27 | Research | Feudal Age |
| 6:28 | Research | Feudal Age |
| 7:22 | Build | Barracks |
| 7:29 | Create | Villager (Male) |
| 8:19 | Build | House |
| 8:27 | Create | Villager (Male) |
| 8:40 | Create | Villager (Male) |
| 8:54 | Age | Feudal Age |
| 8:56 | Build | Archery Range |
| 9:04 | Create | Villager (Male) |
| 9:08 | Research | Double-Bit Axe |
| 9:08 | Research | Double-Bit Axe |
| 9:13 | Research | Horse Collar |
| 9:17 | Create | Villager (Male) |
| 9:30 | Build | Gate |
| 9:35 | Build | Gate |
| 9:42 | Build | Stone Wall |
| 9:43 | Build | Stone Wall |
| 9:45 | Create | Archer |
| 9:45 | Create | Archer |
| 9:46 | Create | Villager (Male) |
| 9:48 | Create | Spearman |
| 10:18 | Build | Stone Wall |
| 10:18 | Build | Stone Wall |
| 10:18 | Build | Stone Wall |
| 10:23 | Create | Archer |
| 10:24 | Create | Archer |
| 10:24 | Create | Villager (Male) |
| 10:39 | Create | Villager (Male) |
| 10:44 | Build | Blacksmith |
| 11:09 | Create | Villager (Male) |
| 11:12 | Create | Archer |
| 11:28 | Research | Fletching |
| 11:31 | Create | Villager (Male) |
| 11:42 | Create | Villager (Male) |
| 11:45 | Build | Archery Range |
| 11:54 | Create | Archer |
| 12:08 | Create | Villager (Male) |
| 12:25 | Create | Villager (Male) |
| 12:31 | Build | House |
| 12:45 | Create | Archer |
| 12:45 | Create | Archer |
| 12:48 | Build | House |
| 12:56 | Create | Archer |
| 12:56 | Create | Archer |
| 13:05 | Create | Villager (Male) |
| 13:12 | Create | Villager (Male) |
| 13:16 | Build | Settlement |
| 13:20 | Create | Archer |
| 13:21 | Create | Archer |
| 13:29 | Create | Villager (Male) |
| 13:30 | Create | Archer |
| 13:30 | Create | Archer |
| 13:47 | Create | Archer |
| 14:07 | Create | Archer |
| 14:09 | Create | Villager (Male) |
| 14:12 | Create | Villager (Male) |
| 14:14 | Create | Archer |
| 14:29 | Create | Archer |
| 14:30 | Create | Archer |
| 14:34 | Create | Villager (Male) |
| 14:47 | Create | Villager (Male) |
| 14:48 | Build | Farm |
| 14:49 | Build | Farm |
| 14:51 | Build | Farm |
| 14:52 | Create | Archer |
| 14:52 | Create | Archer |
| 15:05 | Create | Archer |
| 15:05 | Create | Archer |
| 15:14 | Create | Villager (Male) |
| 15:15 | Build | Farm |
| 15:17 | Build | Farm |
| 15:28 | Create | Archer |
| 15:28 | Create | Archer |
| 15:48 | Build | Farm |
| 16:04 | Create | Villager (Male) |
| 16:06 | Build | Farm |
| 16:06 | Create | Archer |
| 16:06 | Create | Archer |
| 16:07 | Create | Archer |
| 16:07 | Create | Archer |
| 16:16 | Create | Villager (Male) |
| 16:18 | Build | Farm |
| 16:21 | Create | Archer |
| 16:21 | Create | Archer |
| 16:56 | Create | Archer |
| 16:57 | Create | Archer |
| 16:57 | Create | Villager (Male) |
| 16:59 | Build | Farm |
| 17:01 | Build | Farm |
| 17:22 | Create | Villager (Male) |
| 17:24 | Create | Archer |
| 17:24 | Create | Archer |
| 17:33 | Build | Farm |
| 17:33 | Build | Farm |
| 17:34 | Create | Villager (Male) |
| 17:43 | Create | Villager (Male) |
| 17:45 | Build | Farm |
| 17:46 | Create | Villager (Male) |
| 17:51 | Create | Villager (Male) |
| 18:04 | Create | Archer |
| 18:05 | Create | Archer |
| 18:18 | Build | Farm |
| 18:19 | Create | Villager (Male) |
| 18:23 | Build | Farm |
| 18:26 | Create | Villager (Male) |
| 18:58 | Create | Archer |
| 18:58 | Create | Archer |
| 18:59 | Create | Villager (Male) |
| 19:06 | Build | Farm |
| 19:51 | Research | Castle Age |
| 20:14 | Create | Archer |
| 20:14 | Create | Archer |
| 20:22 | Research | Padded Archer Armor |
| 20:22 | Research | Padded Archer Armor |
| 20:31 | Create | Villager (Male) |
| 20:34 | Build | Archery Range |
| 20:39 | Create | Archer |
| 20:39 | Create | Archer |
| 20:42 | Research | Gold Mining |
| 20:42 | Research | Gold Mining |
| 21:06 | Create | Villager (Male) |
| 21:21 | Create | Archer |
| 21:22 | Create | Archer |
| 21:26 | Create | Villager (Male) |
| 22:21 | Create | Archer |
Build order — c3mbrich!
First 150 of 260 actions detected
| 0:01 | Create | Villager (Male) |
| 0:01 | Create | Villager (Male) |
| 0:02 | Build | House |
| 0:04 | Build | House |
| 0:17 | Create | Villager (Male) |
| 0:17 | Create | Villager (Male) |
| 1:25 | Create | Villager (Male) |
| 1:59 | Create | Villager (Male) |
| 1:59 | Create | Villager (Male) |
| 2:15 | Build | Lumber Camp |
| 2:33 | Create | Villager (Male) |
| 2:33 | Create | Villager (Male) |
| 2:33 | Create | Villager (Male) |
| 2:46 | Create | Villager (Male) |
| 3:26 | Create | Villager (Male) |
| 4:00 | Create | Villager (Male) |
| 4:04 | Build | House |
| 4:26 | Create | Villager (Male) |
| 4:37 | Create | Villager (Male) |
| 4:39 | Create | Villager (Male) |
| 4:52 | Create | Villager (Male) |
| 5:02 | Build | Mill |
| 5:14 | Create | Villager (Male) |
| 5:16 | Create | Villager (Male) |
| 5:20 | Create | Villager (Male) |
| 5:44 | Create | Villager (Male) |
| 5:44 | Create | Villager (Male) |
| 6:15 | Create | Villager (Male) |
| 6:19 | Build | House |
| 6:34 | Build | Palisade Wall |
| 6:44 | Research | Feudal Age |
| 6:45 | Research | Feudal Age |
| 7:04 | Research | Loom |
| 8:05 | Build | Barracks |
| 8:28 | Create | Villager (Male) |
| 8:54 | Age | Feudal Age |
| 8:56 | Build | Palisade Wall |
| 9:00 | Build | Stable |
| 9:07 | Create | Villager (Male) |
| 9:21 | Create | Villager (Male) |
| 9:48 | Create | Villager (Male) |
| 9:49 | Create | Scout Cavalry |
| 9:49 | Create | Scout Cavalry |
| 9:52 | Build | House |
| 10:01 | Create | Villager (Male) |
| 10:05 | Create | Scout Cavalry |
| 10:11 | Create | Villager (Male) |
| 10:13 | Build | Farm |
| 10:14 | Build | Farm |
| 10:17 | Build | Palisade Gate |
| 10:39 | Create | Scout Cavalry |
| 10:39 | Create | Scout Cavalry |
| 10:43 | Build | Palisade Wall |
| 10:44 | Build | Palisade Wall |
| 10:48 | Build | House |
| 10:55 | Create | Villager (Male) |
| 10:56 | Build | Farm |
| 11:00 | Build | Farm |
| 11:03 | Create | Scout Cavalry |
| 11:14 | Create | Villager (Male) |
| 11:17 | Build | House |
| 11:18 | Create | Villager (Male) |
| 11:45 | Create | Scout Cavalry |
| 11:46 | Create | Villager (Male) |
| 11:48 | Build | Farm |
| 11:50 | Build | Farm |
| 12:05 | Create | Villager (Male) |
| 12:07 | Build | Farm |
| 12:13 | Create | Scout Cavalry |
| 12:32 | Create | Scout Cavalry |
| 12:32 | Create | Villager (Male) |
| 12:35 | Build | House |
| 12:55 | Create | Villager (Male) |
| 12:58 | Build | Blacksmith |
| 13:09 | Create | Villager (Male) |
| 13:17 | Create | Villager (Male) |
| 13:21 | Build | Farm |
| 13:45 | Create | Villager (Male) |
| 13:48 | Build | Farm |
| 14:25 | Create | Scout Cavalry |
| 14:26 | Research | Forging |
| 14:35 | Create | Villager (Male) |
| 14:38 | Build | Farm |
| 14:38 | Build | Farm |
| 14:40 | Build | Farm |
| 14:41 | Build | Farm |
| 14:42 | Build | Farm |
| 15:21 | Research | Scale Barding Armor |
| 15:28 | Create | Villager (Male) |
| 15:30 | Build | Farm |
| 15:54 | Create | Scout Cavalry |
| 15:57 | Build | Farm |
| 15:57 | Build | Farm |
| 16:11 | Create | Scout Cavalry |
| 16:32 | Create | Scout Cavalry |
| 16:33 | Create | Villager (Male) |
| 16:43 | Build | House |
| 16:47 | Create | Scout Cavalry |
| 16:52 | Create | Villager (Male) |
| 16:56 | Build | Mining Camp |
| 17:27 | Build | Farm |
| 17:30 | Build | Palisade Wall |
| 17:31 | Build | Palisade Wall |
| 17:33 | Build | Farm |
| 17:35 | Research | Horse Collar |
| 17:37 | Create | Villager (Male) |
| 17:37 | Create | Villager (Male) |
| 17:57 | Build | Farm |
| 18:07 | Build | Farm |
| 18:23 | Create | Scout Cavalry |
| 18:46 | Create | Scout Cavalry |
| 18:47 | Create | Villager (Male) |
| 18:49 | Build | Farm |
| 18:50 | Build | Farm |
| 18:51 | Create | Villager (Male) |
| 18:56 | Build | Farm |
| 19:12 | Create | Villager (Male) |
| 19:53 | Create | Villager (Male) |
| 20:34 | Research | Castle Age |
| 20:34 | Research | Castle Age |
| 20:53 | Build | Lumber Camp |
| 21:02 | Build | Lumber Camp |
| 21:24 | Build | Stable |
| 21:27 | Research | Bloodlines |
| 21:27 | Research | Bloodlines |
| 21:40 | Create | Villager (Male) |
| 21:52 | Research | Double-Bit Axe |
| 21:52 | Research | Double-Bit Axe |
| 22:08 | Create | Villager (Male) |
| 22:19 | Build | Palisade Gate |
| 22:19 | Build | House |
| 22:38 | Create | Villager (Male) |
| 23:14 | Age | Castle Age |
| 23:18 | Build | Palisade Wall |
| 23:19 | Create | Knight ×5 |
| 23:19 | Create | Knight ×5 |
| 23:20 | Build | Palisade Wall |
| 23:21 | Build | Palisade Wall |
| 23:28 | Create | Villager (Male) |
| 23:32 | Build | Town Center |
| 23:36 | Create | Villager (Male) |
| 23:41 | Build | House |
| 23:47 | Create | Knight |
| 23:49 | Build | Farm |
| 23:52 | Research | Chain Barding Armor |
| 23:53 | Research | Chain Barding Armor |
| 23:58 | Build | Palisade Wall |
| 24:02 | Build | Farm |
| 24:20 | Create | Knight |
| 24:36 | Create | Villager (Male) |
Build order — GKT_Cloud
First 150 of 189 actions detected
| 0:00 | Create | Villager (Male) |
| 0:01 | Create | Villager (Male) |
| 0:01 | Create | Villager (Male) |
| 0:02 | Build | House |
| 0:03 | Build | House |
| 0:16 | Create | Villager (Male) |
| 1:25 | Create | Villager (Male) |
| 1:25 | Create | Villager (Male) |
| 2:02 | Create | Villager (Male) |
| 2:02 | Create | Villager (Male) |
| 2:09 | Create | Villager (Male) |
| 2:16 | Build | Lumber Camp |
| 2:52 | Create | Villager (Male) |
| 2:52 | Create | Villager (Male) |
| 3:10 | Create | Villager (Male) |
| 3:27 | Create | Villager (Male) |
| 3:45 | Create | Villager (Male) |
| 3:45 | Create | Villager (Male) |
| 3:56 | Build | House |
| 4:03 | Create | Villager (Male) |
| 4:17 | Create | Villager (Male) |
| 4:17 | Create | Villager (Male) |
| 5:11 | Build | Mill |
| 5:18 | Create | Villager (Male) |
| 5:34 | Create | Villager (Male) |
| 5:57 | Research | Loom |
| 6:30 | Research | Feudal Age |
| 7:16 | Build | House |
| 7:44 | Build | Barracks |
| 8:26 | Create | Villager (Male) |
| 8:51 | Age | Feudal Age |
| 8:55 | Build | Stable |
| 8:58 | Create | Villager (Male) |
| 9:02 | Research | Double-Bit Axe |
| 9:24 | Build | Farm |
| 9:25 | Research | Horse Collar |
| 9:31 | Build | House |
| 9:43 | Create | Villager (Male) |
| 9:45 | Build | Farm |
| 9:46 | Create | Scout Cavalry |
| 9:46 | Create | Scout Cavalry |
| 9:51 | Build | Gate |
| 9:53 | Build | Stone Wall |
| 10:08 | Create | Spearman |
| 10:12 | Create | Villager (Male) |
| 10:14 | Build | Farm |
| 10:51 | Create | Scout Cavalry |
| 10:52 | Create | Villager (Male) |
| 11:06 | Create | Villager (Male) |
| 11:16 | Create | Villager (Male) |
| 11:16 | Create | Villager (Male) |
| 11:18 | Build | Farm |
| 11:48 | Create | Scout Cavalry |
| 11:49 | Create | Villager (Male) |
| 11:49 | Create | Villager (Male) |
| 11:51 | Build | Farm |
| 12:00 | Build | House |
| 12:02 | Build | House |
| 12:05 | Build | Palisade Gate |
| 12:14 | Create | Scout Cavalry |
| 12:21 | Build | Farm |
| 12:50 | Create | Villager (Male) |
| 12:53 | Build | Farm |
| 12:53 | Build | Farm |
| 12:53 | Build | Farm |
| 13:00 | Create | Villager (Male) |
| 13:25 | Build | House |
| 13:30 | Create | Scout Cavalry |
| 13:30 | Create | Villager (Male) ×4 |
| 13:40 | Create | Scout Cavalry |
| 14:10 | Build | Farm |
| 14:14 | Create | Scout Cavalry |
| 14:29 | Create | Scout Cavalry |
| 14:46 | Build | Blacksmith |
| 14:59 | Create | Villager (Male) |
| 15:04 | Build | Farm |
| 15:21 | Create | Scout Cavalry |
| 15:22 | Create | Villager (Male) |
| 15:32 | Research | Forging |
| 15:32 | Research | Forging |
| 15:44 | Build | Gate |
| 15:59 | Create | Villager (Male) ×2 |
| 16:31 | Build | Farm |
| 16:42 | Create | Scout Cavalry |
| 16:53 | Build | Stable |
| 16:56 | Build | House |
| 17:10 | Create | Villager (Male) |
| 17:28 | Create | Villager (Male) |
| 17:35 | Build | Farm |
| 17:36 | Build | Farm |
| 17:40 | Build | Farm |
| 17:44 | Build | Stone Wall |
| 17:52 | Create | Villager (Male) ×2 |
| 17:58 | Create | Scout Cavalry |
| 18:22 | Create | Villager (Male) ×2 |
| 18:25 | Build | Farm |
| 18:26 | Build | Farm |
| 18:37 | Create | Villager (Male) ×2 |
| 18:37 | Create | Villager (Male) ×2 |
| 18:42 | Build | Market |
| 18:45 | Build | Mining Camp |
| 18:48 | Build | Farm |
| 19:14 | Build | Farm |
| 20:03 | Build | Farm |
| 20:06 | Create | Villager (Male) |
| 20:35 | Research | Castle Age |
| 20:36 | Research | Castle Age |
| 21:08 | Research | Gold Mining |
| 21:08 | Research | Gold Mining |
| 21:37 | Research | Wheelbarrow |
| 22:07 | Create | Villager (Male) |
| 23:15 | Age | Castle Age |
| 23:20 | Create | Villager (Male) |
| 23:23 | Build | Town Center |
| 23:32 | Research | Bow Saw |
| 23:32 | Research | Bow Saw |
| 23:47 | Create | Villager (Male) ×5 |
| 23:49 | Build | Town Center |
| 23:53 | Create | Knight |
| 24:19 | Create | Villager (Male) ×5 |
| 24:20 | Create | Villager (Male) ×5 |
| 24:20 | Create | Villager (Male) ×2 |
| 24:48 | Build | Stone Wall |
| 25:00 | Build | Siege Workshop |
| 25:04 | Create | Villager (Male) |
| 25:04 | Create | Villager (Male) |
| 25:15 | Create | Villager (Male) ×5 |
| 25:28 | Create | Mangonel |
| 25:40 | Create | Villager (Male) |
| 25:54 | Create | Villager (Male) ×2 |
| 25:57 | Build | Monastery |
| 26:09 | Create | Villager (Male) |
| 26:11 | Build | Farm |
| 26:26 | Build | House |
| 26:27 | Build | House |
| 26:27 | Build | House |
| 26:28 | Build | House |
| 26:28 | Build | House |
| 26:28 | Build | House |
| 26:30 | Create | Villager (Male) |
| 26:31 | Create | Villager (Male) |
| 26:37 | Build | Farm |
| 26:37 | Create | Monk |
| 26:38 | Create | Monk |
| 26:44 | Build | Farm |
| 26:44 | Build | Farm |
| 26:44 | Build | Farm |
| 27:08 | Create | Mangonel |
| 27:08 | Create | Mangonel |
| 27:39 | Create | Villager (Male) ×5 |
Build order — Moneimon
First 150 of 450 actions detected
| 0:01 | Create | Villager (Male) |
| 0:02 | Build | House |
| 0:03 | Build | House |
| 0:05 | Create | Villager (Male) |
| 0:08 | Create | Villager (Male) |
| 0:12 | Create | Villager (Male) |
| 0:12 | Create | Villager (Male) |
| 1:29 | Create | Villager (Male) |
| 1:30 | Create | Villager (Male) |
| 1:44 | Build | Lumber Camp |
| 1:54 | Create | Villager (Male) |
| 1:54 | Create | Villager (Male) |
| 2:23 | Create | Villager (Male) |
| 2:23 | Create | Villager (Male) |
| 2:41 | Create | Villager (Male) |
| 3:03 | Build | House |
| 3:04 | Create | Villager (Male) |
| 3:26 | Build | Palisade Gate |
| 3:30 | Create | Villager (Male) |
| 3:31 | Create | Villager (Male) |
| 4:02 | Create | Villager (Male) |
| 4:21 | Build | Palisade Wall |
| 4:28 | Create | Villager (Male) |
| 4:28 | Create | Villager (Male) |
| 4:56 | Create | Villager (Male) |
| 4:56 | Create | Villager (Male) |
| 5:11 | Build | Mill |
| 5:27 | Create | Villager (Male) |
| 5:48 | Build | House |
| 6:10 | Create | Villager (Male) |
| 6:13 | Build | House |
| 6:30 | Create | Villager (Male) |
| 6:42 | Create | Villager (Male) |
| 6:57 | Create | Villager (Male) |
| 7:49 | Create | Villager (Male) |
| 7:50 | Create | Villager (Male) |
| 8:31 | Build | Mining Camp |
| 8:34 | Research | Feudal Age |
| 8:45 | Research | Loom |
| 9:08 | Research | Feudal Age |
| 10:53 | Create | Villager (Male) |
| 11:18 | Age | Feudal Age |
| 11:25 | Create | Villager (Male) |
| 11:26 | Build | Market |
| 11:27 | Build | Blacksmith |
| 11:32 | Research | Horse Collar |
| 11:56 | Create | Villager (Male) |
| 11:59 | Build | Farm |
| 12:05 | Create | Villager (Male) |
| 12:09 | Build | Farm |
| 12:16 | Research | Castle Age |
| 12:16 | Research | Castle Age |
| 12:23 | Build | Farm |
| 12:25 | Build | Farm |
| 12:38 | Build | Farm |
| 12:40 | Research | Double-Bit Axe |
| 12:56 | Build | House |
| 13:09 | Build | Farm |
| 14:47 | Create | Villager (Male) |
| 14:56 | Age | Castle Age |
| 14:58 | Build | Town Center |
| 14:59 | Create | Villager (Male) |
| 15:03 | Build | Town Center |
| 15:03 | Research | Bow Saw |
| 15:05 | Create | Villager (Male) |
| 15:25 | Research | Heavy Plow |
| 15:25 | Research | Heavy Plow |
| 15:35 | Build | Farm |
| 15:57 | Create | Villager (Male) |
| 16:01 | Build | Farm |
| 16:09 | Create | Villager (Male) |
| 16:16 | Build | Farm |
| 16:26 | Create | Villager (Male) |
| 16:27 | Create | Villager (Male) |
| 16:29 | Create | Villager (Male) |
| 16:38 | Build | Farm |
| 16:38 | Create | Villager (Male) |
| 16:40 | Create | Villager (Male) |
| 16:51 | Build | House |
| 17:01 | Build | House |
| 17:02 | Build | House |
| 17:03 | Create | Villager (Male) |
| 17:05 | Create | Villager (Male) |
| 17:06 | Create | Villager (Male) |
| 17:10 | Build | Farm |
| 17:12 | Build | Farm |
| 17:14 | Build | Farm |
| 17:18 | Build | Farm |
| 17:20 | Create | Villager (Male) |
| 17:20 | Create | Villager (Male) |
| 17:20 | Create | Villager (Male) |
| 17:26 | Create | Villager (Male) |
| 17:27 | Create | Villager (Male) |
| 17:39 | Build | Town Center |
| 17:47 | Build | House |
| 17:49 | Build | House |
| 17:53 | Create | Villager (Male) |
| 17:56 | Build | Farm |
| 17:56 | Create | Villager (Male) |
| 17:57 | Create | Villager (Male) |
| 17:59 | Build | Farm |
| 18:01 | Create | Villager (Male) |
| 18:01 | Create | Villager (Male) |
| 18:05 | Build | Farm |
| 18:18 | Create | Villager (Male) |
| 18:18 | Create | Villager (Male) |
| 18:20 | Build | Farm |
| 18:22 | Create | Villager (Male) |
| 18:22 | Create | Villager (Male) |
| 18:26 | Build | Farm |
| 18:27 | Create | Villager (Male) |
| 18:27 | Create | Villager (Male) |
| 18:42 | Create | Villager (Male) |
| 18:45 | Build | Farm |
| 18:46 | Build | Farm |
| 18:52 | Build | Farm |
| 18:54 | Create | Villager (Male) |
| 18:55 | Create | Villager (Male) |
| 19:00 | Build | Farm |
| 19:07 | Create | Villager (Male) |
| 19:07 | Create | Villager (Male) |
| 19:10 | Build | Farm |
| 19:13 | Build | Farm |
| 19:13 | Create | Villager (Male) |
| 19:14 | Create | Villager (Male) |
| 19:17 | Build | Farm |
| 19:20 | Create | Villager (Male) |
| 19:20 | Create | Villager (Male) |
| 19:20 | Create | Villager (Male) |
| 19:21 | Create | Villager (Male) |
| 19:21 | Create | Villager (Male) |
| 19:26 | Build | Farm |
| 19:40 | Create | Villager (Male) |
| 19:40 | Create | Villager (Male) |
| 19:46 | Build | Farm |
| 19:46 | Create | Villager (Male) |
| 19:47 | Create | Villager (Male) |
| 19:48 | Build | Farm |
| 19:53 | Build | Farm |
| 19:56 | Create | Villager (Male) |
| 19:56 | Create | Villager (Male) |
| 20:03 | Create | Villager (Male) |
| 20:03 | Create | Villager (Male) |
| 20:05 | Create | Villager (Male) |
| 20:08 | Build | Mining Camp |
| 20:09 | Create | Villager (Male) |
| 20:14 | Create | Villager (Male) |
| 20:14 | Create | Villager (Male) |
| 20:16 | Create | Villager (Male) |
| 20:17 | Build | Farm |
Match timeline
| 4:21 | Moneimon · wall_segment Palisade Wall x7 |
| 4:22 | [R1] 12Tirador · wall_segment Palisade Wall x5 |
| 6:34 | c3mbrich! · wall_segment Palisade Wall x13 |
| 7:15 | DemonSheep · first_building Barracks |
| 7:22 | 04py · first_building Barracks |
| 7:44 | GKT_Cloud · first_building Barracks |
| 7:46 | [R1] 12Tirador · first_building Barracks |
| 7:47 | Oni.TaToH · wall_segment Palisade Wall x1 |
| 8:05 | c3mbrich! · first_building Barracks |
| 8:09 | Oni.TaToH · first_building Barracks |
| 8:12 | Oni.TaToH · wall_segment Palisade Wall x1 |
| 8:13 | Oni.TaToH · wall_segment Palisade Wall x1 |
| 8:14 | Oni.TaToH · wall_segment Palisade Wall x1 |
| 8:26 | DemonSheep · age_up feudal |
| 8:30 | DemonSheep · first_building Stable |
| 8:35 | DemonSheep · wall_segment Stone Wall x1 |
| 8:46 | Oni.TaToH · age_up feudal |
| 8:48 | Oni.TaToH · wall_segment Palisade Wall x7 |
| 8:51 | GKT_Cloud · age_up feudal |
| 8:54 | 04py · age_up feudal |
| 8:54 | c3mbrich! · age_up feudal |
| 8:55 | GKT_Cloud · first_building Stable |
| 8:56 | 04py · first_building Archery Range |
| 8:56 | c3mbrich! · wall_segment Palisade Wall x1 |
| 9:00 | c3mbrich! · first_building Stable |
| 9:31 | DemonSheep · wall_segment Stone Wall x10 |
| 9:34 | [R1] 12Tirador · age_up feudal |
| 9:35 | [R1] 12Tirador · first_building Stable |
| 9:40 | Dragon · wall_segment Palisade Wall x1 |
| 9:42 | 04py · wall_segment Stone Wall x3 |
| 9:43 | 04py · wall_segment Stone Wall x5 |
| 9:43 | Oni.TaToH · wall_segment Palisade Wall x6 |
| 9:50 | Dragon · wall_segment Palisade Wall x1 |
| 9:51 | Dragon · wall_segment Palisade Wall x1 |
| 9:53 | GKT_Cloud · wall_segment Stone Wall x8 |
| 9:57 | Dragon · wall_segment Palisade Wall x1 |
| 10:18 | 04py · wall_segment Stone Wall x1 |
| 10:18 | 04py · wall_segment Stone Wall x1 |
| 10:18 | 04py · wall_segment Stone Wall x1 |
| 10:24 | Oni.TaToH · wall_segment Palisade Wall x12 |
| 10:43 | c3mbrich! · wall_segment Palisade Wall x1 |
| 10:44 | c3mbrich! · wall_segment Palisade Wall x3 |
| 10:51 | Oni.TaToH · wall_segment Palisade Wall x18 |
| 11:07 | Oni.TaToH · wall_segment Palisade Wall x1 |
| 11:18 | Moneimon · age_up feudal |
| 11:21 | Dragon · age_up feudal |
| 11:36 | DemonSheep · wall_segment Stone Wall x17 |
| 12:03 | Oni.TaToH · wall_segment Palisade Wall x3 |
| 12:23 | Dragon · first_market_sell 100 stone |
| 12:29 | Oni.TaToH · wall_segment Palisade Wall x1 |
| 12:37 | Oni.TaToH · wall_segment Palisade Wall x1 |
| 12:43 | Oni.TaToH · wall_segment Palisade Wall x1 |
| 12:43 | Oni.TaToH · wall_segment Palisade Wall x1 |
| 12:58 | Dragon · wall_segment Palisade Wall x1 |
| 14:31 | Dragon · wall_segment Palisade Wall x7 |
| 14:54 | Dragon · wall_segment Palisade Wall x1 |
| 14:56 | Moneimon · age_up castle |
| 15:22 | Dragon · age_up castle |
| 15:24 | Moneimon · first_market_buy 100 stone |
| 17:25 | Dragon · wall_segment Stone Wall x5 |
| 17:30 | Dragon · wall_segment Stone Wall x1 |
| 17:30 | c3mbrich! · wall_segment Palisade Wall x1 |
| 17:30 | Dragon · wall_segment Stone Wall x1 |
| 17:31 | c3mbrich! · wall_segment Palisade Wall x1 |
| 17:39 | Oni.TaToH · wall_segment Stone Wall x12 |
| 17:44 | GKT_Cloud · wall_segment Stone Wall x14 |
| 17:44 | DemonSheep · wall_segment Stone Wall x1 |
| 17:53 | Dragon · wall_segment Stone Wall x1 |
| 17:56 | Dragon · wall_segment Stone Wall x1 |
| 17:58 | Dragon · wall_segment Stone Wall x1 |
| 18:00 | DemonSheep · wall_segment Palisade Wall x1 |
| 18:03 | DemonSheep · wall_segment Palisade Wall x1 |
| 18:08 | Dragon · wall_segment Stone Wall x8 |
| 19:12 | Dragon · wall_segment Stone Wall x3 |
| 20:20 | [R1] 12Tirador · age_up castle |
| 21:06 | Oni.TaToH · wall_segment Stone Wall x4 |
| 21:37 | DemonSheep · age_up castle |
| 21:46 | DemonSheep · wall_segment Stone Wall x1 |
| 21:55 | Oni.TaToH · age_up castle |
| 21:57 | DemonSheep · wall_segment Stone Wall x1 |
| 21:59 | Oni.TaToH · first_building Siege Workshop |
| 22:00 | Oni.TaToH · first_building Monastery |
| 22:01 | Dragon · first_building Monastery |
| 22:24 | Moneimon · first_building Monastery |
| 22:31 | GKT_Cloud · first_market_buy 100 stone |
| 22:31 | 04py · age_up castle |
| 22:46 | Oni.TaToH · first_market_sell 100 wood |
| 23:14 | c3mbrich! · age_up castle |
| 23:15 | GKT_Cloud · age_up castle |
| 23:18 | c3mbrich! · wall_segment Palisade Wall x1 |
| 23:20 | c3mbrich! · wall_segment Palisade Wall x1 |
| 23:21 | c3mbrich! · wall_segment Palisade Wall x1 |
| 23:49 | Moneimon · first_market_sell 100 food |
| 23:58 | c3mbrich! · wall_segment Palisade Wall x2 |
| 24:00 | [R1] 12Tirador · first_building Siege Workshop |
| 24:08 | Dragon · first_building Barracks |
| 24:12 | Moneimon · first_building Barracks |
| 24:43 | Dragon · wall_segment Stone Wall x9 |
| 24:48 | GKT_Cloud · wall_segment Stone Wall x1 |
| 25:00 | GKT_Cloud · first_building Siege Workshop |
| 25:23 | [R1] 12Tirador · first_market_sell 100 food |
| 25:26 | GKT_Cloud · first_market_sell 100 wood |
| 25:27 | Dragon · first_building Stable |
| 25:57 | GKT_Cloud · first_building Monastery |
| 26:41 | [R1] 12Tirador · wall_segment Palisade Wall x1 |
| 26:45 | Moneimon · first_building Castle |
| 26:46 | [R1] 12Tirador · wall_segment Palisade Wall x1 |
| 27:13 | Moneimon · age_up imperial |
| 28:00 | Moneimon · first_building Siege Workshop |
| 28:05 | Dragon · age_up imperial |
| 28:31 | Dragon · first_building Castle |
| 28:49 | c3mbrich! · wall_segment Stone Wall x11 |
| 28:52 | Dragon · wall_segment Stone Wall x1 |
| 28:53 | Dragon · wall_segment Stone Wall x1 |
| 29:28 | c3mbrich! · wall_segment Stone Wall x17 |
| 29:43 | [R1] 12Tirador · first_market_buy 100 wood |
| 29:58 | GKT_Cloud · wall_segment Stone Wall x1 |
| 30:02 | c3mbrich! · wall_segment Stone Wall x5 |
| 30:28 | c3mbrich! · wall_segment Stone Wall x9 |
| 30:30 | c3mbrich! · wall_segment Stone Wall x15 |
| 30:35 | Oni.TaToH · wall_segment Stone Wall x10 |
| 31:52 | c3mbrich! · wall_segment Stone Wall x2 |
| 32:01 | Oni.TaToH · wall_segment Stone Wall x12 |
| 32:10 | [R1] 12Tirador · first_building Monastery |
| 32:12 | GKT_Cloud · first_building Castle |
| 32:19 | [R1] 12Tirador · first_building Castle |
| 32:32 | Oni.TaToH · wall_segment Stone Wall x12 |
| 32:34 | GKT_Cloud · wall_segment Stone Wall x1 |
| 32:37 | c3mbrich! · wall_segment Stone Wall x3 |
| 32:40 | Oni.TaToH · wall_segment Stone Wall x33 |
| 33:04 | c3mbrich! · wall_segment Stone Wall x7 |
| 33:08 | Oni.TaToH · wall_segment Stone Wall x1 |
| 33:10 | Oni.TaToH · wall_segment Stone Wall x1 |
| 33:20 | GKT_Cloud · resign |
[ AI ANALYSIS · 1 CREDIT ]
What really happened in this match?
Wolo.gg analyzes every decision: build order, eco, micro, common mistakes by bracket. Personalized analysis on WhatsApp or Discord in 30 seconds.
Civ guide
Bulgarians
Perfil
Jugador #360982